 Seeded DCSS version 0.27.1-1-g398f81649c (webtiles) character file.

Game seed: 7448572372392364185 (custom seed)

8593 karkarkar the Cleaver (level 11, -1/46 (92) HPs)
             Began as a Hill Orc Fighter on Sept 17, 2021.
             Was a Priest of Beogh.
             Slain by a profane servitor (4 damage)
             ... on level 1 of the Abyss on Sept 18, 2021.
             The game lasted 00:42:01 (13694 turns).

karkarkar the Cleaver (Hill Orc Fighter)           Turns: 13694, Time: 00:42:02

HP:   -1/46 (92)    AC: 22    Str: 23    XL:     11   Next: 33%
MP:   0/15          EV:  5    Int:  8    God:    Beogh [***...]
Gold: 514           SH: 11    Dex: 10    Spells: 10/10 levels left

rFire    + . .     SeeInvis .   a - +2 broad axe (flame)
rCold    + . .     Faith    .   c - +0 kite shield
rNeg     . . .     Spirit   +   n - +0 plate armour
rPois    +         Reflect  .   e - +2 helmet
rElec    +         Harm     .   E - +0 cloak
rCorr    +         Rampage  .   (no gloves)
Will     .....                  (no boots)
Stlth    ..........             u - amulet of guardian spirit
HPRegen  0.15/turn              b - +4 ring of protection
MPRegen  0.14/turn              (no ring)

@: resistant, wreathed by umbra, extremely drained
A: no striking features
a: Renounce Religion, Smiting


You were on level 1 of the Abyss.
You worshipped Beogh.
Beogh was most pleased with you.
You visited 1 branch of the dungeon, and saw 10 of its levels.
You visited the Abyss 1 time.
You also visited: Sewer.

You collected 514 gold pieces.

Inventory:

Hand Weapons
 a - a +2 broad axe of flaming (weapon)
Missiles
 f - 4 datura-tipped darts (quivered)
 g - 6 atropa-tipped darts
 h - 121 poisoned darts
 o - 5 silver javelins
 t - 4 silver boomerangs
Armour
 c - a +0 kite shield (worn)
 e - a +2 helmet (worn)
 n - a +0 plate armour (worn)
 A - a +4 chain mail of cold resistance
 E - a +0 cloak (worn)
 F - the +0 scale mail of the Orcish Mines {rC+ Will+ Dex+3 Stlth-}
   (You took it off a kobold brigand on level 8 of the Dungeon)

   Dex:       It affects your dexterity (+3).
   rC:        It protects you from cold.
   Will:      It increases your willpower.
   Stlth:     It makes you less stealthy.
Jewellery
 b - a +4 ring of protection (left hand)
 u - an amulet of guardian spirit (around neck)
Wands
 k - a wand of charming (5)
 B - a wand of mindburst (18)
 C - a wand of iceblast (6)
Scrolls
 i - 4 scrolls of amnesia
 y - a scroll of immolation
 D - a scroll of teleportation {unknown}
Potions
 d - 4 potions of might
 l - a potion of mutation
 m - 3 potions of lignification
 r - 2 potions of berserk rage
 s - a potion of attraction
 x - a potion of brilliance
 G - a potion of resistance


   Skills:
 + Level 7.2 Fighting
 * Level 14.9 Axes
 + Level 3.2 Throwing
 + Level 7.7 Armour
 - Level 0.7 Dodging
 + Level 1.5 Stealth
 + Level 8.2 Shields
 * Level 6.1 Invocations
 + Level 0.3 Evocations


You had 10 spell levels left.
You didn't know any spells.
Your spell library contained the following spells:

 Spells                   Type           Power      Damage    Failure   Level
 Summon Small Mammal      Summ           0%         N/A       100%        1
 Ensorcelled Hibernation  Hex/Ice        0%         N/A       100%        2
 Call Canine Familiar     Summ           0%         N/A       100%        3
 Dazzling Flash           Conj/Hex       0%         N/A       100%        3
 Inner Flame              Hex/Fire       0%         N/A       100%        3
 Portal Projectile        Hex/Tloc       0%         N/A       100%        3
 Spider Form              Tmut/Pois      0%         N/A       100%        3
 Summon Guardian Golem    Hex/Summ       0%         N/A       100%        3
 Cause Fear               Hex            0%         N/A       100%        4
 Leda's Liquefaction      Hex/Erth       0%         N/A       100%        4
 Petrify                  Tmut/Erth      0%         N/A       100%        4
 Agony                    Necr           0%         N/A       100%        5
 Blade Hands              Tmut           0%         N/A       100%        5
 Borgnjor's Vile Clutch   Necr/Erth      0%         N/A       100%        5
 Excruciating Wounds      Necr           0%         N/A       100%        5
 Freezing Cloud           Conj/Ice/Air   0%         6-21      100%        5
 Metabolic Englaciation   Hex/Ice        0%         N/A       100%        5
 Silence                  Hex/Air        0%         N/A       100%        5
 Conjure Ball Lightning   Conj/Air       0%         3x3d6     100%        6
 Shadow Creatures         Summ           N/A        N/A       100%        6
 Statue Form              Tmut/Erth      0%         N/A       100%        6
 Discord                  Hex            0%         N/A       100%        8


Dungeon Overview and Level Annotations

Branches:
Dungeon (10/15)            Temple (0/1) D:4            Lair (0/6) D:8
  Sewer (visited)
    Orc: D:9-12

Altars:
Elyvilon
Trog
Xom

Shops:
D:4 !   D:8 *

Annotations:
D:6 1 runed translucent door, ZARRMARR's ghost, novice DENe
D:7 2 exclusions
D:10 1 runed translucent door, Erolcha


Message History

The profane servitor hits you but does no damage.
You feel drained.
The profane servitor hits you with a +1 demon whip of draining.
The profane servitor draws strength from your injuries!
You feel drained.
The profane servitor hits you but does no damage.
You feel drained.
You see here a scroll of enchant armour.
You block the profane servitor's attack.
The profane servitor hits you with a +1 demon whip of draining.
You feel drained.
The profane servitor hits you with a +1 demon whip of draining.
The profane servitor draws strength from your injuries!
You feel drained.
You block the profane servitor's attack.
You block the profane servitor's attack.
The profane servitor hits you but does no damage.
You feel drained.
The profane servitor hits you with a +1 demon whip of draining.
The profane servitor draws strength from your injuries!
You feel drained.
You block the profane servitor's attack.
The profane servitor hits you with a +1 demon whip of draining.
The profane servitor draws strength from your injuries!
You feel drained.
The profane servitor hits you but does no damage.
You feel drained.
Okay, then.
You feel protected.
You block the profane servitor's attack.
The profane servitor hits you with a +1 demon whip of draining.
* * * LOW HITPOINT WARNING * * *
You feel drained.
* * * LOW HITPOINT WARNING * * *
You feel drained.
The profane servitor hits you with a +1 demon whip of draining!
* * * LOW HITPOINT WARNING * * *
The profane servitor draws strength from your injuries!
You feel drained.
You die...

..# # .. . # .. ##.
. #. . .. .# # #..
.#.###.#. . ###
#...##........
..#.. ##.........#
# #.#.#.. #@.## .#
##.. #.# ##A..#.#
##..#. #§###
#.###.# .
#...###§§###....#.#
..
.#....§§§§.#.....##
. # # ###
§#§§.#.#.#
#.##.§§#§.##?..##
### ..###§§#.#
#.#..# . #...## ##
# .##..#


You could see a profane servitor.

Vanquished Creatures
  Psyche (D:8)
  Erica (D:8)
  Pikel (D:8)
  Maurice (D:8)
  Joseph (D:9)
  A hornet (D:7)
  A vampire (D:9)
  2 wyverns (D:8)
  A wraith (D:9)
  11 yaks
  A basilisk (D:8)
  3 steam dragons
  Menkaure (D:7)
  3 water moccasins
  2 acid dragons (D:9)
  An orc warrior (D:9)
  A black bear (D:5)
  4 centaurs
  A phantom (D:6)
  A lemure (D:8)
  2 kobold brigands
  3 bullfrogs
  A water moccasin zombie (D:6)
  16 killer bees
  5 howler monkeys
  2 centaur zombies (D:8)
  3 hounds
  3 jellies
  3 orc priests
  3 gnoll shamans
  Jessica (D:3)
  2 iguanas
  5 orc wizards
  2 killer bee zombies
  A hound skeleton (D:4)
  A howler monkey zombie (D:6)
  10 gnolls
  9 adders
  An ufetubus (D:6)
  2 worms
  3 dart slugs
  32 orcs
  3 ball pythons
  3 endoplasms
  2 giant cockroaches
  8 goblins
  11 hobgoblins
  3 quokkas
  9 bats
  A frilled lizard (D:3)
  14 kobolds
  2 rats (D:1)
205 creatures vanquished.

Vanquished Creatures (collateral kills)
  2 yaks (D:8)
  A basilisk (D:8)
  A steam dragon (D:8)
  A water moccasin (D:8)
  A kobold brigand (D:8)
  A centaur zombie (D:8)
  An orc wizard (D:9)
  An orc (D:9)
  5 kobolds (D:8)
14 creatures vanquished.

Vanquished Creatures (others)
  2 orcs
  An orc priest (D:6)
  An orc wizard (D:6)
  A gnoll (D:6)
  A bush (D:8)
  7 fungi (D:8)
  26 plants
39 creatures vanquished.

Grand Total: 258 creatures vanquished

Notes
Turn   | Place    | Note
-------+----------+-------------------------------------------
     0 | D:1      | karkarkar the Hill Orc Fighter began the quest for the Orb.
     0 | D:1      | Reached XP level 1. HP: 19/19 MP: 1/1
   143 | D:1      | Found a faded altar of an unknown god.
   388 | D:1      | Reached XP level 2. HP: 27/27 MP: 2/2
   407 | D:1      | Reached skill level 3 in Axes
  1378 | D:2      | Reached XP level 3. HP: 29/33 MP: 3/3
  1790 | D:2      | Reached skill level 4 in Axes
  2306 | D:3      | Reached XP level 4. HP: 14/40 MP: 4/4
  3254 | D:3      | Noticed Jessica
  3259 | D:3      | Killed Jessica
  3260 | D:3      | Reached skill level 5 in Axes
  3260 | D:3      | Reached XP level 5. HP: 35/46 MP: 5/5
  3613 | D:4      | Found a glowing drain.
  3633 | Sewer    | Entered a sewer
  3691 | Sewer    | Noticed a water moccasin
  3702 | Sewer    | Killed a water moccasin
  3703 | Sewer    | Reached skill level 6 in Axes
  3703 | Sewer    | Reached XP level 6. HP: 16/53 MP: 6/6
  4173 | D:4      | Noticed a water moccasin
  4191 | D:4      | Killed a water moccasin
  4192 | D:4      | Reached skill level 7 in Axes
  4389 | D:4      | Found a staircase to the Ecumenical Temple.
  4459 | D:4      | Found Lioplinu's Distillery.
  4767 | D:4      | Found a bloodstained altar of Trog.
  4956 | D:5      | Entered Level 5 of the Dungeon
  4971 | D:5      | Reached skill level 1 in Throwing
  4971 | D:5      | Reached XP level 7. HP: 54/60 MP: 7/7
  5298 | D:5      | Reached skill level 8 in Axes
  5591 | D:5      | Reached skill level 5 in Shields
  5618 | D:5      | Reached skill level 5 in Fighting
  5925 | D:6      | Found a runed translucent door.
  5963 | D:6      | Found a shimmering altar of Xom.
  5963 | D:6      | Noticed ZARRMARR's ghost (novice DENe)
  5964 | D:6      | Noticed a +2 hand axe of chaos
  6011 | D:6      | Reached skill level 9 in Axes
  6011 | D:6      | Reached XP level 8. HP: 45/68 MP: 5/8
  6165 | D:6      | Got Merodies's Papyrus of Lightness and Earth
  6354 | D:6      | Became a worshipper of Beogh the Brigand
  6807 | D:7      | Noticed Menkaure
  7321 | D:7      | Reached skill level 10 in Axes
  7508 | D:7      | Reached * piety under Beogh
  7514 | D:7      | Noticed a hornet
  8007 | D:7      | Reached skill level 11 in Axes
  8007 | D:7      | Reached XP level 9. HP: 66/74 MP: 7/9
  8180 | D:7      | Reached skill level 5 in Armour
  8529 | D:7      | Killed Menkaure
  8638 | D:7      | Paralysed by a hornet for 1 turns
  8640 | D:7      | Killed a hornet
  9177 | D:8      | Reached skill level 12 in Axes
  9338 | D:8      | Reached ** piety under Beogh
  9395 | D:8      | Noticed Pikel
  9419 | D:8      | Killed Pikel
  9664 | D:8      | Reached XP level 10. HP: 83/83 MP: 10/10
  9782 | D:8      | Reached skill level 13 in Axes
  9924 | D:8      | Noticed Maurice
  9925 | D:8      | Noticed Psyche
  9959 | D:8      | HP: 3/83 [disintegration (21)]
 10326 | D:8      | Killed Maurice
 10327 | D:8      | Reached skill level 1 in Invocations
 10515 | D:8      | Reached skill level 1 in Stealth
 10544 | D:8      | Killed Psyche
 10672 | D:8      | Found a staircase to the Lair.
 10681 | D:8      | Identified the +0 scale mail of the Orcish Mines {rC+ Will+
                  | Dex+3 Stlth-} (You took it off a kobold brigand on level 8
                  | of the Dungeon)
 10808 | D:8      | Found Diwehet's Gadget Gallery.
 10962 | D:8      | Found a white marble altar of Elyvilon.
 11461 | D:9      | Reached skill level 14 in Axes
 11756 | D:9      | Reached skill level 5 in Invocations
 11805 | D:9      | Reached *** piety under Beogh
 11870 | D:9      | Noticed Erica
 11899 | D:8      | Killed Erica
 11900 | D:8      | Reached XP level 11. HP: 10/91 MP: 0/15
 12855 | D:9      | Noticed Joseph
 12874 | D:9      | Killed Joseph
 13609 | D:10     | Entered Level 10 of the Dungeon
 13609 | D:10     | Noticed Erolcha
 13609 | D:10     | Found a runed translucent door.
 13615 | D:10     | Cast into level 1 of the Abyss (Erolcha)
 13659 | Abyss:1  | Noticed a profane servitor
 13668 | Abyss:1  | Identified the +0 chain mail of Autotheism {Int+3}
 13694 | Abyss:1  | Slain by a profane servitor

Illustrated notes

Levels and vault maps discovered:
D:1:      dpeg_arrival_round_a, layout_basic, ebering_ecumenical_altar_ruins,
          chequers_serial_rivers_room_a, solitary_fountain
D:2:      layout_loops_corners
D:3:      layout_loops_ring, grunt_decor_junction, kennysheep_cluttered_room,
          serial_park_tiny_2, chequers_serial_rivers_large_a,
          kennysheep_jessica_study
D:4:      layout_cave_pools, trog_hazing_becter, minmay_temple_entry_tees,
          serial_shops, shop, cheibrodos_sewer_entry_bend
D:5:      layout_gridville
D:6:      layout_loops_ring, ebering_ghost_xom
D:7:      layout_loops_ring, grunt_ministairs_2, uniq_menkaure
D:8:      layout_loops_ring, nicolae_overflow_crystal_walls,
          minmay_lair_entry_grove, nicolae_shop_gadgets, uniq_pikel,
          uniq_maurice, uniq_psyche
D:9:      corexii_shack_village, layout_basic, grunt_decor_mini_mirrors,
          uniq_joseph, uniq_erica
D:10:     layout_big_octagon, lemuel_mausoleum_altar_kikubaaqudgha,
          nicolae_ru_the_path_less_chosen, serial_park, serial_park_tiny_2,
          serial_park_avenue1, serial_park_gazebo [serial_park_minivault_5x5_4],
          serial_park_avenue1, serial_park_tiny_2,
          ebering_ghost_reflecting_pool, kennysheep_pointless_box, uniq_erolcha
Abyss:1:  base: Temple, minivault_26

Skill      XL: |  1  2  3  4  5  6  7  8  9 10 11 |
---------------+----------------------------------+-----
Axes           | 3 4 5 6 7 9 11 12 14 | 14.9
Fighting       | 4 5 6 7 |  7.2
Shields        | 4 5 7 8 |  8.2
Throwing       | 1 2 3 |  3.2
Armour         | 4 6 7 |  7.7
Invocations    | 5 6 |  6.1
Stealth        | 1 |  1.5
Dodging        | |  0.7
Evocations     | |  0.3

Action                   |  1- 3 |  4- 6 |  7- 9 | 10-12 || total
-------------------------+-------+-------+-------+-------++-------
Melee: War axe           |    65 |       |       |       ||    65
       Broad axe         |    19 |    91 |   264 |   200 ||   574
Throw: Javelin           |       |    14 |    16 |    20 ||    50
       Dart              |       |     2 |    19 |    14 ||    35
       Boomerang         |       |     3 |       |     1 ||     4
       Throwing net      |       |       |       |     1 ||     1
Invok: Convert to Beogh  |       |       |     1 |       ||     1
       Smiting           |       |       |       |     1 ||     1
Evoke: Wand              |       |       |     1 |     3 ||     4
  Use: Scroll            |     1 |     3 |     4 |     4 ||    12
       Potion            |       |     1 |     2 |     4 ||     7
 Stab: Distracted        |       |       |     1 |       ||     1
Armor: Scale mail        |    40 |    60 |    22 |    27 ||   149
       Chain mail        |       |       |   213 |    34 ||   247
       Plate armour      |       |       |       |    46 ||    46
Dodge: Dodged            |    36 |    50 |    85 |    30 ||   201
Block: Kite shield       |    44 |    71 |   213 |   106 ||   434
